 Dungeon Crawl Stone Soup version 0.29.1-15-g9cfb28693d (webtiles) character file.

Game seed: 2997405942592230631

977 Calibrex the Ruffian (level 7, -4/59 (67) HPs)
             Began as a Troll Fighter on Mar 16, 2023.
             Was a Priest of Qazlal.
             Slain by a wight
             ... wielding a +1 great sword of freezing
              (10 damage)
             ... on level 6 of the Dungeon.
             The game lasted 00:12:51 (3728 turns).

Calibrex the Ruffian (Troll Fighter)                Turns: 3728, Time: 00:12:53

HP:   -4/59 (67)    AC:  5    Str: 25    XL:     7   Next: 95%
MP:   3/6           EV:  9    Int:  6    God:    Qazlal [***...]
Gold: 888           SH: 13    Dex: 15    Spells: 6/6 levels left

rFire   + . .      SeeInvis .     - Unarmed
rCold   . . .      Faith    .   b - +0 kite shield
rNeg    . . .      Spirit   .   a - +0 robe
rPois   .          Reflect  .   (helmet restricted)
rElec   .          Harm     .   h - +0 cloak
rCorr   .          Rampage  .   (gloves unavailable)
Will    .....                   (boots unavailable)
Stlth   +.........              k - amulet of regeneration
HPRegen 1.79/turn               j - ring of protection from fire
MPRegen 0.10/turn               i - +6 ring of dexterity

@: heavily drained
A: large, unfitting armour, claws 3, regeneration 1, shaggy fur 1, tough skin 1,
high MP 1
a: Renounce Religion, Upheaval, Elemental Force


You were on level 6 of the Dungeon.
You worshipped Qazlal.
Qazlal was most pleased with you.
You visited 1 branch of the dungeon, and saw 6 of its levels.

You collected 888 gold pieces.

Inventory:

Missiles
 g - 9 poisoned darts
Armour
 a - a +0 robe (worn)
 b - a +0 kite shield (worn)
 h - a +0 cloak (worn)
Jewellery
 e - a ring of magical power
 i - a +6 ring of dexterity (right claw)
 j - a ring of protection from fire (left claw)
 k - an amulet of regeneration (around neck)
 p - an amulet of faith
Wands
 l - a wand of flame (4) (quivered)
Scrolls
 f - a scroll of butterflies
 n - a scroll of acquirement
 o - 2 scrolls of identify
 q - a scroll of fear
 s - a scroll of summoning
 t - a scroll of brand weapon {unknown}
Potions
 c - a potion of might
 d - 3 potions of curing
 m - a potion of invisibility


   Skills:
 + Level 3.0 Fighting
 - Level 2.4 Dodging
 + Level 0.5 Stealth
 + Level 4.8 Shields
 * Level 7.8 Unarmed Combat


You had 6 spell levels left.
You didn't know any spells.
Your spell library contained the following spells:

 Spells                   Type           Power      Damage    Failure   Level
 Dazzling Flash           Conj/Hex       0%         N/A       97%         3
 Ignite Poison            Fire/Tmut/Pois 0%         N/A       97%         3
 Mephitic Cloud           Conj/Pois/Air  0%         N/A       97%         3
 Corpse Rot               Necr/Pois/Air  0%         N/A       100%        4
 Dispel Undead            Necr           0%         3d6       100%        4
 Iskenderun's Mystic Bla  Conj/Tloc      0%         2d3       100%        4
 Freezing Cloud           Conj/Ice/Air   0%         6-21      100%        5
 Death Channel            Necr           0%         N/A       100%        6
 Starburst                Conj/Fire      0%         6d3       100%        6


Dungeon Overview and Level Annotations

Branches:
Dungeon (6/15)             Temple (0/1) D:4

Altars:
Dithmenos
Nemelex Xobeh
Qazlal

Annotations:
D:6 3 runed translucent doors, croobank's ghost, weakling OpDe


Innate Abilities, Weirdness & Mutations

You are too large for most types of armour.
You have claws for hands.
Your natural rate of healing is unusually fast.
You are covered in fur. (AC +1)
You have tough skin. (AC +1)
You have an increased reservoir of magic. (+10% MP)


Message History

Aiming: Throw Flame
Press: ? - help, Q - select action, (/) - cycle Shift-Dir - straight line, p - wight The puff of flame hits the wight but does no damage.
The wight hits you from afar with a +4 halberd of freezing.
The wight freezes you.
There is an open door here.
The wight barely misses you.
There is an open door here.
You claw the wight!
The wight is severely damaged.
The wight closely misses you. You block the wight's attack.
You scratch the wight but do no damage.
The wight is severely damaged.
The iguana bites you.
The wight hits you with a +1 great sword of freezing!!
You feel drained. The wight freezes you.
The wight hits you with a +4 halberd of freezing.
You feel drained. The wight freezes you.
You barely miss the wight.
The wight is severely damaged.
The iguana barely misses you. The wight closely misses you.
You block the wight's attack.
You barely miss the wight.
The wight is severely damaged.
You block the iguana's attack.
The wight hits you with a +1 great sword of freezing!
* * * LOW HITPOINT WARNING * * *
You feel drained.
* * * LOW HITPOINT WARNING * * *
The wight freezes you!
* * * LOW HITPOINT WARNING * * *
You block the wight's attack.
You barely miss the wight.
The wight is severely damaged.
The iguana bites you.
* * * LOW HITPOINT WARNING * * *
You block the wight's attack.
The wight is engulfed in blazing flames.
The wight hits you with a +1 great sword of freezing!
You die...

#.....###'##############
#.....#...#.)..........#
#.....#...'............#
#.....#...#............#
#.....#######'###.##...#
................####...#
................#......#
.).............z#......#
...............z@......#
...............l#.##...#
###'#####+##############
#......#....#
#......#....#
#......#....#
#...(..#....#
##...###...####
.##...###...#..#


You could see an iguana and 2 wights.

Vanquished Creatures
  A water moccasin (D:5)
  A black bear (D:4)
  A phantom (D:4)
  2 scorpions (D:5)
  2 wights (D:6)
  A jelly (D:4)
  Crazy Yiuf (D:2)
  6 hounds
  3 iguanas
  An orc wizard (D:4)
  A gnoll (D:6)
  7 adders
  2 shadow imps (D:5)
  A worm (D:2)
  2 dart slugs
  4 orcs
  3 endoplasms
  7 giant cockroaches
  5 goblins
  9 hobgoblins
  2 jackals (D:3)
  2 quokkas (D:2)
  9 ball pythons
  7 bats
  9 kobolds
  4 rats
93 creatures vanquished.

Notes
Turn   | Place    | Note
-------+----------+-------------------------------------------
     0 | D:1      | Calibrex the Troll Fighter began the quest for the Orb.
     0 | D:1      | Reached XP level 1. HP: 22/22 MP: 0/0
   294 | D:1      | Reached XP level 2. HP: 29/29 MP: 1/1
   337 | D:1      | Gained mutation: You have an increased reservoir of magic.
                  | (+10% MP) [potion of mutation]
   536 | D:1      | Found a faded altar of an unknown god.
   656 | D:1      | Prayed at the altar of an unknown god.
   656 | D:1      | Became a worshipper of Qazlal Stormbringer
   656 | D:1      | Reached * piety under Qazlal
   714 | D:2      | Found a runed translucent door.
   724 | D:2      | Noticed Crazy Yiuf
   730 | D:2      | Killed Crazy Yiuf
   731 | D:2      | Reached XP level 3. HP: 22/36 MP: 2/2
   817 | D:2      | Reached skill level 3 in Unarmed Combat
   959 | D:2      | Reached XP level 4. HP: 44/44 MP: 3/3
  1128 | D:2      | Reached ** piety under Qazlal
  1987 | D:4      | Found a sparkling altar of Nemelex Xobeh.
  2015 | D:4      | Found a staircase to the Ecumenical Temple.
  2015 | D:4      | Noticed a phantom
  2027 | D:4      | Killed a phantom
  2028 | D:4      | Reached skill level 4 in Unarmed Combat
  2028 | D:4      | Reached XP level 5. HP: 43/53 MP: 4/4
  2207 | D:4      | Reached *** piety under Qazlal
  2208 | D:4      | Reached skill level 5 in Unarmed Combat
  2208 | D:4      | Reached XP level 6. HP: 44/61 MP: 5/5
  2757 | D:5      | Entered Level 5 of the Dungeon
  2758 | D:5      | Identified a scroll of acquirement
  2758 | D:5      | Acquired 617 gold pieces
  2770 | D:5      | Reached skill level 6 in Unarmed Combat
  2772 | D:5      | Reached XP level 7. HP: 60/67 MP: 6/6
  3153 | D:5      | Found a shadowy altar of Dithmenos.
  3159 | D:5      | Reached skill level 7 in Unarmed Combat
  3569 | D:6      | Found a runed translucent gate.
  3570 | D:6      | Found a runed translucent gate.
  3571 | D:6      | Found a runed translucent gate.
  3572 | D:6      | Noticed croobank's ghost (weakling OpDe)
  3728 | D:6      | Slain by a wight

Illustrated notes

Levels and vault maps discovered:
D:1:      kennysheep_arrival_forest, layout_basic,
          shapermc_ecumenical_altar_acropolis
D:2:      layout_loops_ring, minmay_heptomino_l4, uniq_crazy_yiuf_cottage
D:3:      layout_rooms, serial_glass, glass_columns_b, glass_columns_a
D:4:      layout_basic, nemelex_altar_shiori, minmay_temple_entry_offerings,
          chequers_serial_rivers_room_b
D:5:      layout_loops_ring, grunt_dithmenos_shadows
D:6:      layout_gridville, nicolae_vehumet_radiance, ebering_ghost_rock_garden,
          supply_closet_lemuel

Skill      XL: |  1  2  3  4  5  6  7 |
---------------+----------------------+-----
Shields        | 3 4 |  4.8
Unarmed Combat | 3 4 5 6 7 |  7.8
Fighting       | 3 |  3.0
Dodging        | |  2.4
Stealth        | |  0.5

Action                   |  1- 3 |  4- 6 |  7- 9 || total
-------------------------+-------+-------+-------++-------
Melee: Unarmed           |    84 |   133 |    54 ||   271
Invok: Upheaval          |       |       |     2 ||     2
Evoke: Wand              |       |       |     1 ||     1
  Use: Potion            |     3 |     3 |     3 ||     9
       Scroll            |       |     3 |     7 ||    10
Armor: Robe              |    15 |    35 |     6 ||    56
Dodge: Dodged            |    20 |    32 |    13 ||    65
Block: Kite shield       |    28 |    80 |    38 ||   146
